 Dungeon Crawl Stone Soup version 0.22-a0-525-gf69a080 (webtiles) character file.

333 Gildeon the Magician (level 6, -3/32 HPs)
             Began as a Deep Elf Fire Elementalist on June 21, 2018.
             Slain by a gnoll
             ... wielding a +0 spear
              (8 damage)
             ... on level 3 of the Dungeon.
             The game lasted 00:18:05 (3291 turns).

Gildeon the Magician (Deep Elf Fire Elementalist)   Turns: 3291, Time: 00:18:06

Health: -3/32      AC:  5    Str:  5    XL:     6   Next: 27%
Magic:  0/15       EV: 18    Int: 20    God:
Gold:   130        SH:  0    Dex: 20    Spells: 2/15 levels left

rFire    . . .     SeeInvis .   m - +2 dagger (holy)
rCold    . . .     Gourm    .   (no shield)
rNeg     . . .     Faith    .   a - +0 robe
rPois    .         Spirit   .   (no helmet)
rElec    .         Reflect  .   (no cloak)
rCorr    +         Harm     .   e - +0 pair of gloves
MR       .....                  (no boots)
Stlth    ++++......             (no amulet)
HPRegen  0.10/turn              (no ring)
MPRegen  0.14/turn              r - ring of resist corrosion

@: agile
A: claws 1, iridescent scales 1, dopey 1, screaming 1
a: no special abilities


You were on level 3 of the Dungeon.
You were not hungry.

You visited 1 branch of the dungeon, and saw 3 of its levels.

You collected 130 gold pieces.

Inventory:

Hand Weapons
 m - a +2 dagger of holy wrath (weapon)
Missiles
 h - 60 stones (quivered)
Armour
 a - a +0 robe (worn)
 e - a +0 pair of gloves (worn)
 l - a +0 leather armour
Jewellery
 r - a ring of resist corrosion (right hand)
Scrolls
 f - a scroll of enchant weapon {unknown}
 k - a scroll of teleportation
Potions
 s - a potion of flight {unknown}
 t - a potion of haste {unknown}
Comestibles
 c - 2 rations


   Skills:
 - Level 2.4 Dodging
 + Level 3.0 Stealth
 - Level 5.1 Spellcasting
 + Level 4.1 Conjurations
 + Level 2.0 Hexes
 - Level 5.0 Fire Magic


You had 2 spell levels left.
You knew the following spells:

 Your Spells              Type           Power        Failure   Level  Hunger
a - Flame Tongue          Conj/Fire      ###..        1%          1    None
b - Throw Flame           Conj/Fire      ###...       2%          2    None
c - Conjure Flame         Conj/Fire      ###.....     5%          3    ##.....
d - Inner Flame           Hex/Fire       ###.....     9%          3    ##.....
e - Sticky Flame          Conj/Fire      ###.....     17%         4    ####...

Your spell library contained the following spells:

 Spells                   Type           Power        Failure   Level  Hunger
 Fireball                 Conj/Fire      ###.......   43%         5    #####..


Dungeon Overview and Level Annotations

Branches:
Dungeon (3/15)

Altars:


Innate Abilities, Weirdness & Mutations

You have sharp fingernails.
You are partially covered in iridescent scales. (AC +2)
You are dopey. (Int -2)
You occasionally shout uncontrollably at your foes.


Message History

The gnoll sergeant is severely wounded.
The gnoll sergeant burns!
The gnoll hits you from afar with a spear.
The gnoll sergeant completely misses you.
You hit the gnoll sergeant but do no damage.
The gnoll sergeant is almost dead.
The gnoll sergeant burns!
You kill the gnoll sergeant!
Your Stealth skill increases to level 3!
Your Conjurations skill increases to level 4!
Your Hexes skill increases to level 2!
The gnoll hits you from afar with a spear.
The gnoll hits you with a spear.
* * * LOW HITPOINT WARNING * * *
Things that are here:
a spear; a ring mail The gnoll completely misses you.
The gnoll closely misses you.
The gnoll hits you from afar with a spear!
You die...

##...# ....# #...#
#...###.. #).......
##)..##.## .
####g.####.# ..
#..........#
..####...@..#### .#
...#....#.....# ..##
#.#....#####.#
...##......# ..
.#.$.......#### ...
..#...........# ...#
#.##.......##..
....###.##.......# .
..#..%#.#.....#.##..


You could see a gnoll.

Vanquished Creatures
  A centaur (D:2)
  A gnoll sergeant (D:3)
  A worker ant (D:2)
  4 adders
  3 gnolls
  An ooze (D:1)
  2 worms
  3 dart slugs
  4 leopard geckos
  3 orcs (D:3)
  6 bats
  3 giant cockroaches
  8 goblins
  10 hobgoblins
  10 kobolds
  A quokka (D:2)
  3 ball pythons
  5 frilled lizards
  11 rats
80 creatures vanquished.

Notes
Turn   | Place    | Note
-------+----------+-------------------------------------------
     0 | D:1      | Gildeon the Deep Elf Fire Elementalist began the quest for the Orb.
     0 | D:1      | Reached XP level 1. HP: 10/10 MP: 6/6
   152 | D:1      | Reached XP level 2. HP: 15/15 MP: 6/8
   535 | D:1      | Learned a level 2 spell: Throw Flame
   887 | D:1      | Reached XP level 3. HP: 15/19 MP: 7/10
   907 | D:1      | Learned a level 3 spell: Conjure Flame
   911 | D:1      | Learned a level 3 spell: Inner Flame
  1429 | D:2      | Reached XP level 4. HP: 14/24 MP: 8/12
  2037 | D:2      | Noticed a centaur
  2043 | D:2      | Killed a centaur
  2043 | D:2      | Reached skill level 5 in Spellcasting
  2043 | D:2      | Reached XP level 5. HP: 9/28 MP: 6/14
  2308 | D:3      | Gained mutation: You are partially covered in iridescent scales. (AC +2) [potion of mutation]
  2308 | D:3      | Gained mutation: You occasionally shout uncontrollably at your foes. [potion of mutation]
  2308 | D:3      | Gained mutation: You are dopey. (Int -2) [potion of mutation]
  2308 | D:3      | Gained mutation: You have sharp fingernails. [potion of mutation]
  2585 | D:2      | Reached skill level 1 in Hexes
  2585 | D:2      | Reached skill level 5 in Fire Magic
  2832 | D:2      | Learned a level 4 spell: Sticky Flame
  3282 | D:3      | Reached XP level 6. HP: 20/32 MP: 6/15
  3291 | D:3      | Slain by a gnoll

Vault maps used:
D:1:      dpeg_arrival_erosion
D:2:      kennysheep_six_static_rooms
D:3:      first_ration, chequers_ecumenical_altar_twisty

Skill      XL: |  1  2  3  4  5  6 |
---------------+-------------------+-----
Conjurations   | 2 3 4 |  4.1
Fire Magic     | 4 5 |  5.0
Spellcasting   | 4 5 |  5.1
Hexes          | 1 2 |  2.0
Stealth        | 3 |  3.0
Dodging        | |  2.4

Action                   |  1- 3 |  4- 6 || total
-------------------------+-------+-------++-------
Melee: Dagger            |     7 |     8 ||    15
 Cast: Flame Tongue      |    66 |    81 ||   147
       Throw Flame       |       |     5 ||     5
       Sticky Flame      |       |     3 ||     3
       Inner Flame       |       |     1 ||     1
  Use: Scroll            |       |     9 ||     9
       Potion            |       |     4 ||     4
 Stab: Sleeping          |     4 |     1 ||     5
  Eat: Chunk             |     1 |     5 ||     6
       Ration            |       |     1 ||     1
Armor: Robe              |     4 |     9 ||    13
Dodge: Dodged            |    27 |    37 ||    64

Table legend:
 A = Spawn XP
 B = Non-spawn XP
 C = Spawn XP percentage of total XP
 D = Spawn monster count
 E = Non-spawn monster count
 F = Spawn count percentage of total count
 G = Total turns spent on level
                    A         B        C        D         E        F      G
               +---------+---------+-------+---------+---------+-------+---------
         Total |       0 |     477 |   0.0 |       0 |      80 |   0.0 |  3291
               +---------+---------+-------+---------+---------+-------+---------
           D:1 |       0 |      64 |   0.0 |       0 |      27 |   0.0 |  1223
           D:2 |       0 |     271 |   0.0 |       0 |      35 |   0.0 |  1800
           D:3 |       0 |     142 |   0.0 |       0 |      18 |   0.0 |   268
               +---------+---------+-------+---------+---------+-------+---------
